 Dungeon Crawl Stone Soup version 0.29.0-4-gdea44cf6ec (webtiles) character file.

Game seed: 13064511346640004438

199 qw the Chopper (level 5, -1/32 HPs)
             Began as a Gargoyle Fighter on Sept 7, 2022.
             Slain by a gnoll
             ... wielding a +0 halberd
              (8 damage)
             ... on level 4 of the Dungeon.
             The game lasted 00:01:27 (3436 turns).

qw the Chopper (Gargoyle Fighter)                   Turns: 3436, Time: 00:01:28

Health: -1/32      AC: 12    Str: 21    XL:     5   Next: 77%
Magic:  5/5        EV: 10    Int:  9    God:
Gold:   195        SH:  5    Dex: 15    Spells: 4/4 levels left

rFire   . . .      SeeInvis .   Y - +0 war axe
rCold   . . .      Faith    .   c - +0 buckler
rNeg    + + .      Spirit   .   a - +3 ring mail
rPois   inf        Reflect  .   (no helmet)
rElec   +          Harm     .   (no cloak)
rCorr   .          Rampage  .   (no gloves)
Will    .....                   (no boots)
Stlth   +.........              (no amulet)
HPRegen 0.10/turn               n - +6 ring of dexterity
MPRegen 0.09/turn               l - ring of positive energy

@: no status effects
A: sickness immunity, AC +4, negative energy resistance 1, electricity
resistance, torment resistance 1, petrification resistance
a: no special abilities


You were on level 4 of the Dungeon.
You visited 1 branch of the dungeon, and saw 4 of its levels.

You collected 195 gold pieces.


Innate Abilities, Weirdness & Mutations

You are immune to sickness and miasma.
Your stone body is resilient. (AC +4)
You are immune to poison.
You resist negative energy. (rN+)
You are resistant to electric shocks. (rElec)
You are resistant to unholy torment.
You are immune to petrification.


   Skills:
 + Level 3.4 Fighting
 - Level 5.0 Axes
 - Level 3.2 Armour
 - Level 1.0 Dodging
 - Level 3.2 Shields


You had 4 spell levels left.
You didn't know any spells.
Your spell library was empty.

Inventory:

Hand Weapons
 k - a +0 whip
 Y - a +0 war axe (weapon)
Armour
 a - a +3 ring mail (worn)
 c - a +0 buckler (worn)
Jewellery
 b - a ring of magical power
 l - a ring of positive energy (right hand)
 n - a +6 ring of dexterity (left hand)
 q - an amulet of guardian spirit
Scrolls
 i - a scroll of enchant armour
 o - 2 scrolls of blinking
 p - a scroll of identify
Potions
 d - 2 potions of might
 e - a potion of mutation
 f - 2 potions of berserk rage {unknown}
 g - a potion of attraction {unknown}
 h - 3 potions of lignification {unknown}
 j - a potion of heal wounds {unknown}
 m - 5 potions of curing

Dungeon Overview and Level Annotations

Branches:
Dungeon (4/15)
 Temple: D:4-7

Altars:
Cheibriados


Message History

The gnoll is moderately wounded.
The gnoll hits you from afar with a +0 spear.
The gnoll hits you but does no damage.
You hit the gnoll.
The gnoll is heavily wounded.
You block the gnoll's attack. The gnoll hits you with a +0 club.
You closely miss the gnoll.
The gnoll is heavily wounded.
The gnoll hits you but does no damage. The gnoll closely misses you.
The gnoll hits you with a +0 club. The gnoll misses you.
You closely miss the gnoll.
The gnoll is heavily wounded.
You block the gnoll's attack. The gnoll barely misses you.
You slash the gnoll!
You kill the gnoll!
The gnoll closely misses you.
Your Axes skill increases to level 5!
The gnoll misses you. The gnoll hits you but does no damage.
Things that are here:
a +0 club; a gnoll corpse You hit the gnoll.
The gnoll is lightly wounded.
The gnoll hits you but does no damage. The gnoll hits you with a +0 spear.
The gnoll hits you but does no damage.
The gnoll hits you from afar with a +0 halberd.
You slash the gnoll!
The gnoll is almost dead.
You block the gnoll's attack. The gnoll closely misses you.
You hit the gnoll.
You kill the gnoll!
The gnoll misses you. The gnoll barely misses you.
You see here a +0 spear.
You closely miss the gnoll. The gnoll closely misses you.
The gnoll barely misses you.
You barely miss the gnoll. The gnoll hits you but does no damage.
You closely miss the gnoll. The gnoll hits you with a +0 halberd!
You die...

........#
#...)..[..#
#####.###
#########.#
###.## #.#
###..#.#
#.#
......##
#.# ###.#.#
#.# #.#.#
######.#
#.#.#
#.)....#
#.#.#
#@######
#.#.. #g#
###.##. #.#
#...# . #.#
#.### #..
#|# ##. #.#
. #.# .#
#.#


You could see a gnoll.

Vanquished Creatures
  Ijyb (D:3)
  An orc wizard (D:4)
  4 adders
  2 gnolls (D:4)
  5 worms
  2 dart slugs
  6 orcs
  7 bats
  5 endoplasms
  2 giant cockroaches (D:2)
  7 goblins
  4 hobgoblins
  6 jackals (D:1)
  5 kobolds
  6 ball pythons
  2 frilled lizards
  6 rats
71 creatures vanquished.

Notes
Turn   | Place    | Note
-------+----------+-------------------------------------------
     0 | D:1      | qw the Gargoyle Fighter began the quest for the Orb.
     0 | D:1      | Reached XP level 1. HP: 14/14 MP: 1/1
     0 | D:1      | 0 ||| qw: Version: 0.1-a-108-g9e35731
     0 | D:1      | 0 ||| qw: Game counter: 6486
     0 | D:1      | 0 ||| qw: Always use a shield: true
     0 | D:1      | 0 ||| qw: God list: Okawaru
     0 | D:1      | 0 ||| qw: Allow faded altars: false
     0 | D:1      | 0 ||| qw: Do Orc after D:15 true
     0 | D:1      | 0 ||| qw: Do second Lair branch before Depths: true
     0 | D:1      | 0 ||| qw: Lair rune preference: random
     0 | D:1      | 0 ||| qw: Plans: Normal, Zot, God:TSO, Crypt, Tomb, Zig,
                  | Orb
     0 | D:1      | 0 ||| PLANNING D:1-11
   175 | D:1      | Reached skill level 2 in Axes
   327 | D:1      | Reached XP level 2. HP: 15/19 MP: 2/2
   577 | D:1      | Found a faded altar of an unknown god.
   772 | D:1      | Reached skill level 3 in Axes
   822 | D:1      | Reached XP level 3. HP: 23/23 MP: 3/3
   914 | D:1      | 914 ||| Stepping ~*~*~tactically~*~*~ (stealth).
  1153 | D:1      | 1153 ||| UPGRADING to +6 ring of dexterity.
  1154 | D:1      | 1154 ||| READING scroll labelled TENLIU YGISIS.
  1155 | D:1      | 1155 ||| READING 2 scrolls labelled MIRGHO XAIPAHA.
  1156 | D:1      | 1156 ||| READING 2 scrolls labelled TETUAF WOPAU.
  1157 | D:1      | 1157 ||| DRINKING 2 brown potions.
  1158 | D:1      | 1158 ||| DROPPING scroll of fear.
  1252 | D:2      | 1252 ||| Stepping ~*~*~tactically~*~*~ (stealth).
  1358 | D:2      | Reached skill level 1 in Dodging
  1432 | D:2      | 1432 ||| Stepping ~*~*~tactically~*~*~ (hiding).
  1442 | D:2      | Reached XP level 4. HP: 27/28 MP: 4/4
  1883 | D:2      | 1883 ||| UPGRADING to ring of positive energy.
  1884 | D:2      | 1884 ||| READING scroll labelled ETIGOI UXARAO.
  1888 | D:2      | 1888 ||| READING scroll labelled SUIBEI UDIYTU.
  1889 | D:2      | 1889 ||| READING 2 scrolls labelled UCWIOH JULAN.
  1890 | D:2      | 1890 ||| READING scroll labelled UDEFFA MURU.
  1891 | D:2      | 1891 ||| READING scroll labelled TAESHI NOTITS.
  1946 | D:3      | 1946 ||| Stepping ~*~*~tactically~*~*~ (stealth).
  2001 | D:3      | Noticed Ijyb
  2002 | D:3      | 2002 ||| Stepping ~*~*~tactically~*~*~ (hiding).
  2018 | D:3      | Killed Ijyb
  2019 | D:3      | Reached skill level 4 in Axes
  2027 | D:3      | Reached XP level 5. HP: 17/32 MP: 5/5
  2434 | D:3      | Found a snail-covered altar of Cheibriados.
  3086 | D:3      | 3086 ||| UPGRADING to +3 ring mail.
  3096 | D:3      | 3096 ||| DROPPING +0 scale mail.
  3097 | D:3      | 3097 ||| READING 2 scrolls of identify.
  3097 | D:3      | 3097 ||| IDENTIFYING lumpy puce potion
  3170 | D:4      | 3170 ||| Stepping ~*~*~tactically~*~*~ (hiding).
  3173 | D:4      | 3173 ||| STAIRDANCE
  3249 | D:4      | 3249 ||| Stepping ~*~*~tactically~*~*~ (stealth).
  3252 | D:4      | 3252 ||| Stepping ~*~*~tactically~*~*~ (stealth).
  3410 | D:4      | 3410 ||| Stepping ~*~*~tactically~*~*~ (hiding).
  3412 | D:4      | 3412 ||| Stepping ~*~*~tactically~*~*~ (hiding).
  3414 | D:4      | 3414 ||| Stepping ~*~*~tactically~*~*~ (hiding).
  3416 | D:4      | 3416 ||| Stepping ~*~*~tactically~*~*~ (hiding).
  3429 | D:4      | Reached skill level 5 in Axes
  3430 | D:4      | HP: 8/32 [gnoll/+0 spear (3)]
  3436 | D:4      | Slain by a gnoll

Levels and vault maps discovered:
D:1:      minmay_arrival_four_circles, layout_basic,
          shapermc_ecumenical_altar_mp_highgroup
D:2:      layout_loops_ring
D:3:      layout_basic, slow_altar_1, uniq_ijyb
D:4:      layout_loops_ring, kennysheep_mini_moat, minmay_temple_entry_mist,
          minivault_26, minmay_ruptured

Skill      XL: |  1  2  3  4  5 |
---------------+----------------+-----
Axes           | 2 3 4 5 |  5.0
Dodging        | 1 |  1.0
Fighting       | |  3.4
Armour         | |  3.2
Shields        | |  3.2

Action                   |  1- 3 |  4- 6 || total
-------------------------+-------+-------++-------
Melee: War axe           |   106 |   118 ||   224
  Use: Scroll            |     3 |     6 ||     9
       Potion            |     1 |       ||     1
Armor: Scale mail        |    47 |    31 ||    78
       Ring mail         |       |    24 ||    24
Dodge: Dodged            |    52 |    58 ||   110
Block: Buckler           |    31 |    26 ||    57

Table legend:
 A = Non-vault XP
 B = Vault XP
 C = Vault XP percentage of total XP
 D = Non-vault monster count
 E = Vault monster count
 F = Vault count percentage of total count
                 A         B        C        D         E       F
            +---------+---------+-------+---------+---------+-------
      Total |     242 |      43 |  15.1 |      69 |       2 |   2.8
            +---------+---------+-------+---------+---------+-------
        D:1 |      48 |       0 |   0.0 |      27 |       0 |   0.0
        D:2 |      61 |       0 |   0.0 |      19 |       0 |   0.0
        D:3 |      66 |      43 |  39.4 |      17 |       2 |  10.5
        D:4 |      67 |       0 |   0.0 |       6 |       0 |   0.0
            +---------+---------+-------+---------+---------+-------
